Map: [ESL] Inside and Out

Players

HeroMarine

  • Race: Terran Terran
  • Spawn Location: 7:00

ByuN - Winner!

  • Race: Terran Terran
  • Spawn Location: 1:00

Event: TSL 9

VOD

Have the link to the VOD?

Description

Time

  • Played on: Aug. 7, 2022, 11:30 a.m.
  • Length: 12:53

All games in this series

Show
View Real Time Build Order
Export as new Build Order

HeroMarine Terran 

Build Orders:  

Get SALT Encoding   

  12  0:00  SCV  
  13  0:12  SCV  
  14  0:17  Supply Depot  
  14  0:24  SCV  
  15  0:38  SCV  
  15  0:40  Barracks  
  16  0:43  Refinery  
  16  0:50  SCV  
  16  0:52  Refinery  
  17  1:03  SCV  
  18  1:15  SCV  
  19  1:27  Reaper, Orbital Command  
  19  1:29  Supply Depot  
  20  1:40  Factory  
  20  1:52  SCV  
  21  1:59  Reaper  
  22  2:05  SCV  
  23  2:17  SCV  
  23  2:24  Hellion  
  23  2:29  SCV  
  25  2:31  Marine  
  26  2:41  SCV  
  26  2:46  Hellion  
  28  2:54  SCV  
  28  2:55  Command Center  
  28  2:56  Reaper  
  29  3:00  Supply Depot  
  29  3:06  SCV  
  30  3:17  Starport  
  30  3:18  SCV  
  31  3:21  Hellion  
  33  3:28  Marine  
  33  3:30  SCV  
  35  3:43  SCV, Factory Tech Lab  
  35  3:47  Barracks Reactor  
  36  3:55  SCV, Starport Tech Lab  
  37  4:07  Cyclone, SCV  
  41  4:10  Orbital Command  
  41  4:12  Supply Depot  
  41  4:14  Raven  
  41  4:19  SCV  
  42  4:24  Marine x2  
  42  4:29  Orbital Command  
  45  4:31  SCV  
  45  4:39  Cyclone  
  45  4:42  Marine x2  
  45  4:43  SCV  
  45  4:45  Refinery  
  51  4:55  SCV  
  51  4:56  SCV  
  53  5:01  Supply Depot  
  53  5:02  Command Center  
  53  5:07  SCV  
  54  5:18  Refinery  
  54  5:19  Supply Depot  
  54  5:22  SCV x2, Raven  
  60  5:28  Siege Tank  
  60  5:32  Supply Depot  
  60  5:35  SCV x2  
  61  5:40  Marine x2  
  61  5:47  SCV x2  
  61  5:59  SCV x2  
  61  6:00  Siege Tank  
  66  6:11  SCV x2  
  65  6:16  Viking x2  
  65  6:17  Stimpack, Marine  
  70  6:18  Orbital Command  
  70  6:23  SCV x2  
  72  6:31  Barracks  
  72  6:34  Barracks  
  72  6:35  SCV x2, Siege Tank  
  77  6:46  SCV, Viking x2  
  82  6:47  SCV  
  82  6:48  SCV  
  84  6:56  Marine  
  84  6:59  SCV  
  84  7:00  SCV  
  88  7:03  Supply Depot  
  88  7:04  Supply Depot  
  88  7:06  Orbital Command  
  88  7:08  Siege Tank  
  90  7:11  SCV  
  90  7:12  Engineering Bay, SCV  
  90  7:13  Engineering Bay  
  92  7:24  SCV  
  92  7:25  Viking x2, SCV  
  92  7:28  Supply Depot  
  98  7:35  Barracks Reactor x2  
  98  7:36  SCV  
  95  7:37  SCV  
  95  7:38  SCV  
  95  7:41  Supply Depot  
  97  7:45  Missile Turret, Terran Infantry Armor Level 1, Terran Infantry Weapons Level 1  
  97  7:47  Marine  
  97  7:48  SCV  
  97  7:49  SCV  
  97  7:50  SCV  
  101  7:57  Supply Depot, Missile Turret  
  101  8:00  SCV  
  101  8:01  SCV  
  107  8:06  SCV  
  107  8:08  Combat Shield  
  107  8:12  SCV, Medivac x2, Siege Tank  
  112  8:13  SCV  
  112  8:17  Marine  
  112  8:18  Barracks, Marine  
  115  8:20  Marine  
  115  8:22  Barracks  
  115  8:23  Marine x2  
  115  8:26  Refinery  
  118  8:27  Refinery  
  118  8:28  SCV  
  118  8:29  SCV x2  
  118  8:31  Sensor Tower  
  121  8:35  Marine  
  121  8:36  Marine  
  121  8:38  Supply Depot, Marine  
  121  8:41  Armory, Marine x2  
  125  8:43  SCV x3  
  128  8:51  Supply Depot  
  128  8:52  Marine  
  128  8:54  Marine  
  130  8:55  Marine  
  130  8:56  Viking  
  130  8:59  Marine  
  130  9:00  Viking  
  130  9:01  Supply Depot, Siege Tank  
  139  9:06  Marine  
  139  9:08  Barracks Reactor x2  
  140  9:10  Marine  
  140  9:12  Marine  
  140  9:13  Marine  
  140  9:15  Supply Depot x2  
  143  9:17  Marine  
  142  9:24  Marine  
  142  9:28  Marine  
  142  9:30  Marine  
  144  9:31  Marine  
  144  9:32  Command Center  
  144  9:34  Terran Vehicle Weapons Level 1  
  144  9:35  Marine  
  146  9:40  Terran Infantry Armor Level 2, Terran Infantry Weapons Level 2  
  146  9:41  Medivac x2  
  149  9:46  Marine  
  149  9:47  Siege Tank  
  149  9:49  Marine x3  
  149  9:52  Marine x2  
  158  9:54  Marine x2  
  159  10:02  Factory  
  159  10:04  Marine  
  159  10:06  Marine  
  159  10:07  Marine x2  
  161  10:09  Barracks Reactor  
  163  10:15  Marine x2  
  163  10:17  Missile Turret, Medivac x2  
  165  10:25  Supply Depot x2, Marine x2  
  165  10:26  Supply Depot  
  162  10:29  Siege Tank  
  162  10:33  Marine x2  
  160  10:43  Marine x2  
  160  10:45  SCV x2  
  149  10:51  Viking x2, Marine x3  
  149  10:54  Orbital Command, Marine x2  
  149  10:55  Siege Tank  
  149  10:56  Marine x2  
  157  10:57  SCV  
  157  10:58  Marine  
  157  11:01  Siege Tank, Marine  
  157  11:02  Marine  
  157  11:06  SCV  
  157  11:09  SCV, Marine x2  
  152  11:18  Marine x3  
  142  11:20  Marine  
  142  11:25  Refinery, Marine  
  146  11:28  Marine  
  148  11:39  Siege Tank x2  
  153  11:40  Medivac  
  153  11:41  Marine  
  153  11:45  Marine x2  
  158  11:47  Marine  
  158  11:48  Marine x5  
  158  11:53  Marine  
  165  11:59  Marine  
  166  12:03  Marine x2  
  166  12:05  Marine x4  
  172  12:08  Marine x2  
  172  12:11  Siege Tank  
  149  12:16  Siege Tank  
  135  12:23  Marine x2  
  135  12:25  Marine x2  
Show
View Real Time Build Order
Export as new Build Order

ByuN Terran - Winner!

Build Orders:  

Get SALT Encoding   

  12  0:00  SCV  
  13  0:13  Supply Depot  
  13  0:17  SCV  
  14  0:30  SCV  
  15  0:37  Barracks  
  15  0:43  Refinery  
  15  0:56  Barracks  
  15  1:01  SCV  
  16  1:13  SCV  
  17  1:26  Reaper, Orbital Command  
  17  1:31  Refinery  
  18  1:44  Reaper  
  19  1:51  Supply Depot  
  19  1:52  SCV  
  20  2:00  Reaper  
  21  2:04  SCV  
  22  2:16  Reaper, SCV  
  22  2:19  Supply Depot  
  24  2:29  SCV  
  25  2:33  Reaper  
  26  2:42  SCV  
  25  2:48  Reaper, Factory  
  26  2:54  SCV  
  27  3:05  Reaper  
  28  3:06  SCV  
  29  3:13  Command Center  
  29  3:18  SCV  
  30  3:23  Reaper  
  31  3:30  SCV  
  31  3:32  Factory Tech Lab  
  32  3:35  Supply Depot  
  32  3:41  Starport  
  32  3:43  SCV  
  33  3:51  Cyclone  
  33  3:55  SCV  
  37  4:03  Supply Depot  
  37  4:07  SCV  
  38  4:22  SCV  
  38  4:23  Cyclone  
  42  4:29  Medivac  
  43  4:32  Orbital Command  
  43  4:34  Refinery, SCV  
  44  4:46  SCV  
  45  4:58  SCV  
  45  4:59  Siege Tank  
  49  5:02  Starport Tech Lab  
  49  5:06  Barracks Reactor  
  49  5:09  SCV  
  49  5:10  SCV  
  51  5:19  Command Center  
  51  5:21  SCV  
  52  5:22  SCV  
  52  5:23  Raven  
  55  5:33  SCV  
  55  5:34  SCV  
  57  5:39  Siege Tank  
  60  5:45  SCV  
  60  5:46  SCV, Marine x2  
  63  5:57  SCV  
  63  5:58  SCV  
  64  6:04  Marine x2  
  64  6:07  Barracks x2  
  64  6:09  SCV  
  64  6:11  SCV  
  68  6:18  Supply Depot  
  68  6:20  Refinery  
  68  6:21  Supply Depot, SCV, Siege Tank  
  68  6:23  SCV  
  73  6:27  Engineering Bay  
  73  6:28  Engineering Bay  
  73  6:29  Viking x2  
  73  6:30  Marine  
  73  6:31  Stimpack  
  78  6:33  SCV, Orbital Command  
  78  6:35  SCV  
  78  6:36  Supply Depot  
  80  6:45  SCV  
  81  6:47  SCV  
  81  6:48  Marine  
  86  6:55  Barracks Reactor x2  
  86  6:58  SCV  
  87  7:02  Terran Infantry Armor Level 1  
  87  7:05  Terran Infantry Weapons Level 1  
  87  7:06  Marine  
  87  7:07  Barracks, SCV  
  86  7:08  Barracks  
  85  7:24  Marine  
  85  7:29  Siege Tank  
  89  7:31  Marine x2  
  89  7:32  Orbital Command, Marine  
  89  7:33  Marine  
  89  7:35  SCV x2  
  94  7:41  Marine  
  95  7:44  Medivac  
  95  7:47  Medivac  
  95  7:48  Supply Depot x2, SCV x2  
  95  7:49  Marine  
  102  7:52  Marine  
  102  7:53  Marine x2  
  102  7:58  Barracks Reactor x2  
  105  8:01  SCV x3  
  108  8:10  Combat Shield  
  108  8:11  Refinery  
  108  8:13  SCV x3  
  108  8:14  Refinery  
  108  8:15  Marine x5  
  116  8:25  SCV x3, Armory  
  116  8:26  Supply Depot  
  119  8:32  Supply Depot  
  119  8:33  Marine x5  
  124  8:43  SCV x3, Marine  
  124  8:44  Marine  
  124  8:45  Marine  
  124  8:46  Marine  
  131  8:49  Siege Tank  
  131  8:50  Marine  
  131  8:51  Marine  
  131  8:53  Medivac x2  
  140  9:03  Marine x3  
  140  9:04  Marine x4  
  140  9:07  Command Center  
  140  9:08  Marine x2  
  149  9:15  Supply Depot, Sensor Tower  
  149  9:16  SCV x2  
  151  9:19  Terran Infantry Armor Level 2  
  151  9:21  Siege Tank  
  151  9:22  Terran Infantry Weapons Level 2  
  154  9:31  SCV x3  
  154  9:32  Marine x2  
  154  9:36  Marine x5  
  154  9:37  Marine  
  163  9:47  Factory  
  163  9:50  Barracks Reactor, Marine  
  163  9:52  Supply Depot  
  163  9:55  Viking  
  163  9:58  Supply Depot  
  163  9:59  Supply Depot  
  165  10:06  Marine  
  165  10:12  Marine  
  165  10:13  Marine x3  
  165  10:14  Viking, Siege Tank  
  173  10:18  Marine x3  
  176  10:24  Marine  
  176  10:26  SCV x3, Planetary Fortress  
  176  10:28  Sensor Tower  
  177  10:30  Marine  
  177  10:31  Marine x3  
  178  10:36  Marine  
  178  10:41  Siege Tank  
  182  10:43  Marine  
  182  10:44  Marine x3  
  182  10:46  Siege Tank  
  173  10:54  Marine x3  
  173  10:56  Marine x2  
  173  10:57  Marine  
  173  11:01  Command Center, Marine  
  175  11:07  Marine x3  
  175  11:09  Medivac x2  
  176  11:12  Marine x3  
  176  11:13  Siege Tank  
  176  11:14  Marine  
  176  11:17  Marine  
  176  11:18  Siege Tank, Marine  
  188  11:19  Marine  
  189  11:30  Supply Depot, Marine x3  
  189  11:33  Marine  
  189  11:34  Marine  
  188  11:40  Marine  
  189  11:50  Supply Depot  
  189  11:51  Marine x2  
  189  11:52  Siege Tank x2  
  189  11:53  Medivac, Marine  
  200  12:08  Marine  
  200  12:09  Medivac  
  200  12:13  Marine x7  
  200  12:14  Marine x2  
  177  12:26  Marine  
  178  12:31  Marine x7  
  178  12:32  Marine x2  
Tags
 
Add a new tag
Caveats
  • Supply blocks, unpowered buildings, or Contaminate may cause inaccurate times.
  • Supply counts are checked every 10 seconds.